 Dungeon Crawl Stone Soup version 0.28-a0-1117-g0bdd5ba030 (webtiles) character file.

Game seed: 11065559433697126668

55 SensoryNuts the Slasher (level 3, 0/28 HPs)
             Began as a Demonspawn Gladiator on Dec 12, 2021.
             Was a Believer of Trog.
             Slain by an endoplasm (1 damage)
             ... on level 2 of the Dungeon.
             The game lasted 00:01:39 (1769 turns).

SensoryNuts the Slasher (Demonspawn Gladiator)      Turns: 1769, Time: 00:01:39

Health: 0/28       AC:  8    Str: 16    XL:     3   Next: 67%
Magic:  3/3        EV: 11    Int:  9    God:    Trog [**....]
Gold:   22         SH:  0    Dex: 14    Spells: 2/2 levels left

rFire   . . .      SeeInvis .   a - +0 long sword
rCold   . . .      Faith    .   (no shield)
rNeg    . . .      Spirit   .   g - +3 ring mail
rPois   .          Reflect  .   (helmet restricted)
rElec   .          Harm     .   (no cloak)
rCorr   .          Rampage  .   (no gloves)
Will    .....                   (no boots)
Stlth   +.........              (no amulet)
HPRegen 0.09/turn               (no ring)
MPRegen 0.08/turn               (no ring)

@: no status effects
A: horns 2
a: Renounce Religion, Berserk, Trog's Hand


You were on level 2 of the Dungeon.
You worshipped Trog.
Trog was pleased with you.
You visited 1 branch of the dungeon, and saw 2 of its levels.

You collected 22 gold pieces.

Inventory:

Hand Weapons
 a - a +0 long sword (weapon)
Missiles
 d - 3 throwing nets (quivered)
Armour
 b - a +0 leather armour
 c - a +0 helmet
 g - a +3 ring mail (worn)
Scrolls
 f - a scroll of magic mapping
 i - a scroll of immolation {unknown}


   Skills:
 + Level 2.3 Fighting
 + Level 3.4 Long Blades
 + Level 1.7 Throwing
 + Level 1.2 Armour
 + Level 3.0 Dodging
 + Level 0.1 Stealth


You had 2 spell levels left.
You didn't know any spells.
Your spell library was empty.

Dungeon Overview and Level Annotations

Branches:
Dungeon (2/15)

Altars:
Trog


Innate Abilities, Weirdness & Mutations

You have a pair of horns on your head.


Message History

Trog accepts your kill. The gnoll barely misses you.
The endoplasm jiggles.
Your Armour skill increases to level 1!
You barely miss the gnoll. The gnoll hits you with a +0 whip.
The gnoll hits you with a +0 club.
You closely miss the gnoll.
You headbutt the gnoll, but do no damage.
The gnoll barely misses you. The gnoll closely misses you.
The gnoll hits you with a +0 whip.
You barely miss the gnoll. The gnoll hits you but does no damage.
The endoplasm barely misses you. The gnoll hits you with a +0 whip.
You hit the gnoll.
The gnoll is heavily wounded.
The gnoll barely misses you. The endoplasm completely misses you.
The gnoll closely misses you. The gnoll barely misses you.
The endoplasm hits you but does no damage.
You barely miss the gnoll.
The gnoll is heavily wounded.
The gnoll hits you but does no damage. The gnoll hits you with a +0 club.
The endoplasm freezes you.
You are frozen.
You are too injured to fight recklessly!
You are too injured to fight recklessly!
You are too injured to fight recklessly!
You are too injured to fight recklessly!
You are too injured to fight recklessly!
Unknown command.
It was a potion of curing.
You feel better. The gnoll hits you with a +0 whip.
The gnoll hits you with a +0 club.
* * * LOW HITPOINT WARNING * * *
The endoplasm freezes you.
You are frozen.
* * * LOW HITPOINT WARNING * * *
As you read the scroll labelled HOSIQYOPIU, it crumbles to dust.
It is a scroll of identify.
f - a scroll of magic mapping The gnoll barely misses you.
The gnoll hits you but does no damage. The endoplasm hits you.
You die...

..# #... .. .. #... .#
##.....##.# ...#..#..# #
#.......##..
#############..S)....
##.............Jgg.#.###
.....<....####.#@..#.[.##
........................#
..................#.#...#
.....................# .
..............#####..#
.................# .....
..............##..........
..)...........#########(..
...................# ##


You could see 2 gnolls, an endoplasm and a ball python.

Vanquished Creatures
  A gnoll (D:2)
  A dart slug (D:2)
  5 bats (D:1)
  3 endoplasms
  A giant cockroach (D:1)
  2 goblins
  4 hobgoblins (D:1)
  7 jackals (D:1)
  3 quokkas (D:1)
  4 ball pythons
  4 frilled lizards
  4 rats
39 creatures vanquished.

Notes
Turn   | Place    | Note
-------+----------+-------------------------------------------
     0 | D:1      | SensoryNuts the Demonspawn Gladiator began the quest for
                  | the Orb.
     0 | D:1      | Reached XP level 1. HP: 16/16 MP: 1/1
   330 | D:1      | Gained mutation: You have a pair of small horns on your
                  | head. [demonic ancestry]
   330 | D:1      | Reached XP level 2. HP: 20/22 MP: 2/2
   445 | D:1      | Found a faded altar of an unknown god.
   470 | D:1      | Prayed at the altar of an unknown god.
   470 | D:1      | Became a worshipper of Trog the Wrathful
   470 | D:1      | Reached * piety under Trog
  1362 | D:1      | Gained mutation: You have a pair of horns on your head.
                  | [demonic ancestry]
  1362 | D:1      | Reached XP level 3. HP: 25/27 MP: 3/3
  1759 | D:2      | Reached ** piety under Trog
  1763 | D:2      | Reached skill level 1 in Armour
  1768 | D:2      | HP: 1/28 [frozen (4)]
  1769 | D:2      | Slain by an endoplasm

Illustrated notes

Levels and vault maps discovered:
D:1:      wander_arrival_desolate, layout_basic,
          hellmonk_ecumenical_altar_run_dry
D:2:      layout_rooms, basic_altar, kennysheep_generic_room_2, uniq_robin

Skill      XL: |  1  2  3 |
---------------+----------+-----
Long Blades    | 3 |  3.4
Dodging        | 3 |  3.0
Armour         | 1 |  1.2
Fighting       | |  2.3
Throwing       | |  1.7
Stealth        | |  0.1

Action                   || total
-------------------------++-------
Melee: Long sword        ||   115
       Headbutt          ||    14
  Use: Scroll            ||     1
       Potion            ||     1
Armor: Leather armour    ||    26
       Ring mail         ||     8
Dodge: Dodged            ||   109

Table legend: (Time is in decaauts)
 A = Elapsed time spent in this place.
 B = Non-inter-level travel time spent in this place.
 C = Inter-level travel time spent in this place.
 D = Time resting spent in this place.
 E = Time spent auto-exploring this place.
 F = Levels seen in this place.
 G = Mean time per level.
                   A        B        C        D        E       F      G
               +--------+--------+--------+--------+--------+-----+--------+
         Total |   1796 |   1796 |      0 |      0 |   1459 |   2 |  898.0 |
       Dungeon |   1796 |   1796 |      0 |      0 |   1459 |   2 |  898.0 |
               +--------+--------+--------+--------+--------+-----+--------+

Top non-repeatable levels by time:
     D:1: 1677 daAuts
     D:2: 119 daAuts
